 Dungeon Crawl Stone Soup version 0.27-a0-1206-g6342a01c75 (webtiles) character file.

Game seed: 7677537164648041163

140 Ancestrald the Conjurer (level 5, 0/28 HPs)
             Began as a Deep Elf Conjurer on June 5, 2021.
             Was a Follower of Fedhas.
             Killed from afar by Sigmund (5 damage)
             ... with a magic dart
             ... on level 3 of the Dungeon.
             The game lasted 00:11:39 (2833 turns).

Ancestrald the Conjurer (Deep Elf Conjurer)         Turns: 2833, Time: 00:11:39

Health: 0/28       AC:  2    Str:  4    XL:     5   Next: 2%
Magic:  9/12       EV: 12    Int: 24    God:    Fedhas [*.....]
Gold:   117        SH:  0    Dex: 13    Spells: 8/11 levels left

rFire    . . .     SeeInvis .   h - +4 dagger
rCold    . . .     Faith    .   (no shield)
rNeg     . . .     Spirit   .   a - +0 robe
rPois    .         Reflect  .   (no helmet)
rElec    .         Harm     .   (no cloak)
rCorr    .         Rampage  .   (no gloves)
Will     .....                  (no boots)
Stlth    +.........             e - amulet of magic regeneration
HPRegen  0.09/turn              (no ring)
MPRegen  0.38/turn              (no ring)

@: confused
A: no striking features
a: Renounce Religion


You were on level 3 of the Dungeon.
You worshipped Fedhas.
Fedhas was aware of your devotion.
You visited 1 branch of the dungeon, and saw 3 of its levels.

You collected 117 gold pieces.

Inventory:

Hand Weapons
 c - a +0 mace
 h - a +4 dagger (weapon)
 o - a +1 spear of pain
Missiles
 b - 18 poisoned darts
 j - 58 stones
 n - 15 arrows
Armour
 a - a +0 robe (worn)
 k - a +0 pair of gloves
Jewellery
 e - an amulet of magic regeneration (around neck)
Scrolls
 f - a scroll of enchant armour
 g - a scroll of immolation
 l - a scroll of vulnerability {unknown}
Potions
 d - a potion of lignification
 m - a potion of brilliance {unknown}


   Skills:
 + Level 2.6 Dodging
 + Level 2.8 Stealth
 * Level 3.9 Spellcasting
 * Level 6.4 Conjurations


You had 8 spell levels left.
You knew the following spells:

 Your Spells              Type           Power      Damage    Failure   Level
a - Magic Dart            Conj           100%       1d8       1%          1
b - Searing Ray           Conj           70%        3d5       1%          2

Your spell library contained the following spells:

 Spells                   Type           Power      Damage    Failure   Level
 Dazzling Flash           Conj/Hex       40%        N/A       8%          3
 Summon Small Mammal      Summ           16%        N/A       10%         1
 Call Imp                 Summ           4%         N/A       16%         2
 Fulminant Prism          Conj/Hex       10%        3d9       26%         4
 Iskenderun's Mystic Bla  Conj/Tloc      20%        2d6       26%         4
 Call Canine Familiar     Summ           4%         N/A       30%         3
 Summon Guardian Golem    Hex/Summ       4%         N/A       30%         3
 Summon Ice Beast         Ice/Summ       4%         N/A       69%         4
 Summon Lightning Spire   Summ/Air       4%         N/A       69%         4


Dungeon Overview and Level Annotations

Branches:
Dungeon (3/15)

Altars:
Fedhas

Annotations:
D:3 Sigmund


Message History

Confirm with . or Enter, or press ? or * to list all spells.
Aiming: Searing Ray (safe; 1% risk of failure)
Press: ? - help, Shift-Dir - straight line, f/p - Sigmund
Aim: Sigmund, wielding a +1 scythe of protection and wearing a +0 robe (heavily wounded, 78% to hit)
The searing ray hits Sigmund!
Sigmund is severely wounded. (Press . to maintain the ray.) Sigmund casts a spell at himself.
Sigmund flickers and vanishes!
Deactivating autopickup; reactivate with Ctrl-A.
Unknown command.
Autopickup is now on.
Something hits you!
Deactivating autopickup; reactivate with Ctrl-A.
You hear some strange, mumbled words.
A magic dart appears from out of thin air!
The magic dart hits you.
Casting: Searing Ray (safe; 1% risk of failure)
Confirm with . or Enter, or press ? or * to list all spells.
You can't see any susceptible monsters within range! (Use Z to cast anyway.)
A magic dart appears from out of thin air!
The magic dart hits you!
* * * LOW HITPOINT WARNING * * *
Casting: Searing Ray (safe; 1% risk of failure)
Confirm with . or Enter, or press ? or * to list all spells.
You can't see any susceptible monsters within range! (Use Z to cast anyway.)
Casting: Searing Ray (safe; 1% risk of failure)
Confirm with . or Enter, or press ? or * to list all spells.
You can't see any susceptible monsters within range! (Use Z to cast anyway.)
Casting: Searing Ray (safe; 1% risk of failure)
Confirm with . or Enter, or press ? or * to list all spells.
Aiming: Searing Ray (safe; 1% risk of failure)
Press: ? - help, Shift-Dir - straight line (Press . to maintain the ray.)
You hear some strange, mumbled words.
You are confused.
A magic dart appears from out of thin air!
The magic dart hits you.
You die...
Fedhas appreciates your contribution to the ecosystem.

#......# #.# #......# #.#
#......###### #.#
#......'....# #.#
#......####.# #.# #......#
#.# #.# # ###+##.#
#.#######)# #...####.##.#
#.......#.#
.......{..@.##########.#.#
#.######.............<...#
###############.### #.#
#.# #.# #.# #.# #.#


There were no monsters in sight!

Vanquished Creatures
  Jessica (D:2)
  A hound skeleton (D:3)
  3 adders
  4 gnolls (D:3)
  3 dart slugs (D:2)
  3 bats (D:1)
  5 endoplasms
  4 goblins
  A hobgoblin (D:3)
  2 quokkas (D:1)
  A ball python (D:1)
  4 rats
32 creatures vanquished.

Vanquished Creatures (others)
  10 toadstools (D:3)
10 creatures vanquished.

Grand Total: 42 creatures vanquished

Notes
Turn   | Place    | Note
-------+----------+-------------------------------------------
     0 | D:1      | Ancestrald the Deep Elf Conjurer began the quest for the
                  | Orb.
     0 | D:1      | Reached XP level 1. HP: 10/10 MP: 6/6
    90 | D:1      | Found a faded altar of an unknown god.
   346 | D:1      | Reached XP level 2. HP: 15/15 MP: 5/8
   719 | D:1      | Became a worshipper of Fedhas Madash
   719 | D:1      | Reached * piety under Fedhas
   971 | D:2      | Reached skill level 5 in Conjurations
  1201 | D:2      | Noticed Jessica
  1203 | D:2      | Killed Jessica
  1204 | D:2      | Reached XP level 3. HP: 19/19 MP: 6/9
  2028 | D:2      | Reached XP level 4. HP: 24/24 MP: 6/11
  2438 | D:3      | Learned a level 2 spell: Searing Ray
  2449 | D:3      | Reached skill level 6 in Conjurations
  2452 | D:3      | HP: 1/24 [gnoll/+0 whip (3)]
  2529 | D:3      | Reached XP level 5. HP: 8/28 MP: 6/12
  2806 | D:3      | Noticed Sigmund
  2833 | D:3      | Killed from afar by Sigmund

Illustrated notes

Levels and vault maps discovered:
D:1:      dpeg_arrival_three_smaller_balls, layout_rooms,
          shapermc_ecumenical_altar_totnotflames
D:2:      layout_basic, uniq_jessica
D:3:      cheibrodos_fertilizer, layout_basic, gammafunk_ghost_split,
          grunt_decor_mini_mirrors, uniq_sigmund

Skill      XL: |  1  2  3  4 |
---------------+-------------+-----
Conjurations   | 5 6 |  6.4
Dodging        | |  2.6
Stealth        | |  2.8
Spellcasting   | |  3.9

Action                   |  1- 3 |  4- 6 || total
-------------------------+-------+-------++-------
Melee: Dagger            |       |     3 ||     3
 Cast: Magic Dart        |    51 |     3 ||    54
       Searing Ray       |       |     9 ||     9
  Use: Potion            |       |     1 ||     1
       Scroll            |       |     2 ||     2
Armor: Robe              |     1 |       ||     1
       Skin              |       |     1 ||     1
Dodge: Dodged            |     2 |     5 ||     7

Table legend: (Time is in decaauts)
 A = Elapsed time spent in this place.
 B = Non-inter-level travel time spent in this place.
 C = Inter-level travel time spent in this place.
 D = Time resting spent in this place.
 E = Time spent auto-exploring this place.
 F = Levels seen in this place.
 G = Mean time per level.
                   A        B        C        D        E       F      G
               +--------+--------+--------+--------+--------+-----+--------+
         Total |   2831 |   2502 |    329 |    259 |   2021 |   3 |  943.7 |
       Dungeon |   2831 |   2502 |    329 |    259 |   2021 |   3 |  943.7 |
               +--------+--------+--------+--------+--------+-----+--------+

Top non-repeatable levels by time:
     D:2: 1479 daAuts
     D:1: 910 daAuts
     D:3: 442 daAuts
